 Dungeon Crawl Stone Soup version 0.21-a0-529-g8c7b3f5 (webtiles) character file.

21 tof the Skirmisher (level 2, -1/48 HPs)
             Began as an Ogre Berserker on Dec 9, 2017.
             Was a Follower of Trog.
             Slain by a kobold
             ... wielding a +0 dagger
              (3 damage)
             ... on level 1 of the Dungeon.
             The game lasted 00:00:45 (335 turns).

tof the Skirmisher (Ogre Berserker)                  Turns: 335, Time: 00:00:46

Health: -1/48      AC:  3    Str: 25    XL:     2   Next: 83%
Magic:  2/2        EV: 10    Int:  8    God:    Trog [*.....]
Gold:   19         SH:  0    Dex:  8    Spells: 1/1 levels left

rFire    . . .     SeeInvis .   a - +0 mace
rCold    . . .     Gourm    .   (no shield)
rNeg     . . .     Faith    .   b - +0 animal skin
rPois    .         Spirit   .   (helmet restricted)
rElec    .         Reflect  .   (no cloak)
rCorr    .         Harm     .   (gloves unavailable)
MR       .....                  (boots unavailable)
Stlth    ..........             (no amulet)
HPRegen  0.16/turn              (no ring)
MPRegen  0.08/turn              (no ring)

@: berserking (expiring), very quick
A: large, unfitting armour, tough skin 1
a: Berserk, Burn Spellbooks, Renounce Religion


You were on level 1 of the Dungeon.
You worshipped Trog.
Trog was aware of your devotion.
You were not hungry.

You visited 1 branch of the dungeon, and saw 1 of its levels.

You collected 19 gold pieces.

Inventory:

Hand Weapons
 a - a +0 mace (weapon)
Missiles
 e - a stone (quivered)
Armour
 b - a +0 animal skin (worn)
Potions
 d - a potion of flight {unknown}
Comestibles
 c - a bread ration
 f - 6 chunks of flesh


   Skills:
 + Level 4.2 Fighting
 * Level 3.1 Maces & Flails
 + Level 0.7 Throwing
 + Level 0.4 Armour
 + Level 2.8 Dodging


You had one spell level left.
You didn't know any spells.

Dungeon Overview and Level Annotations

Branches:
Dungeon (1/15)

Altars:


Innate Abilities, Weirdness & Mutations

You are too large for most types of armour.
You have tough skin. (AC +1)


Message History

The kobold throws a stone.
The stone hits you but does no damage. The dart slug bites you.
* * * LOW HITPOINT WARNING * * *
You see here a short sword.
You sock the dart slug!
The dart slug is almost dead.
The kobold hits you but does no damage.
You hit the dart slug.
You kill the dart slug!
Trog accepts your kill. The kobold hits you with a dagger.
* * * LOW HITPOINT WARNING * * *
Things that are here:
a stone; a club; a hobgoblin corpse You miss the kobold.
The kobold misses you.
You closely miss the kobold. The kobold hits you but does no damage.
You closely miss the kobold. The kobold hits you with a dagger.
* * * LOW HITPOINT WARNING * * *
You closely miss the kobold. The kobold hits you with a dagger.
You die...

#..........
#.......... ..
#............#
##......##...#
#.......##...#
#.....####...#
#.....#......#
##'####K!....#
#....()@.#.#!#.#.#
########..).......
........#.#.#>#.#
###...........
#.....#.#.#.#
...w..........K
.....#..#.#.#.#.#
.................
........#.# #.#.


You could see a kobold.

Vanquished Creatures
  A dart slug (D:1)
  4 giant cockroaches (D:1)
  A goblin (D:1)
  5 hobgoblins (D:1)
  A bat (D:1)
  A frilled lizard (D:1)
  2 kobolds (D:1)
  2 rats (D:1)
17 creatures vanquished.

Notes
Turn   | Place    | Note
-------+----------+-------------------------------------------
     0 | D:1      | tof the Ogre Berserker began the quest for the Orb.
     0 | D:1      | Reached XP level 1. HP: 24/24 MP: 1/1
   181 | D:1      | Reached XP level 2. HP: 31/32 MP: 2/2
   334 | D:1      | HP: 2/48 [kobold/dagger (2)]
   335 | D:1      | Slain by a kobold

Vault maps used:
D:1:      minmay_arrival_glassed_features, st_stairs_9, nrook_uturn,
          hangedman_abyss_or_decor_lesser_grid

Skill      XL: |  1  2 |
---------------+-------+-----
Maces & Flails | 3 |  3.1
Fighting       | |  4.2
Throwing       | |  0.7
Armour         | |  0.4
Dodging        | |  2.8

Action                   || total
-------------------------++-------
Melee: Mace              ||    60
Invok: Berserk           ||     1
Armor: Animal skin       ||    22
Dodge: Dodged            ||    41

Table legend:
 A = Spawn XP
 B = Non-spawn XP
 C = Spawn XP percentage of total XP
 D = Spawn monster count
 E = Non-spawn monster count
 F = Spawn count percentage of total count
 G = Total turns spent on level
                    A         B        C        D         E        F      G
               +---------+---------+-------+---------+---------+-------+---------
         Total |       0 |      30 |   0.0 |       0 |      17 |   0.0 |   335
               +---------+---------+-------+---------+---------+-------+---------
           D:1 |       0 |      30 |   0.0 |       0 |      17 |   0.0 |   335
               +---------+---------+-------+---------+---------+-------+---------
